 Dungeon Crawl Stone Soup version 0.31-a0-180-g519b7de00c (webtiles) character file.

Game seed: 1247381144358434646

774 qw the Shooter (level 7, -4/64 HPs)
             Began as a Naga Hunter on June 19, 2023.
             Slain by a phantom (6 damage)
             ... on level 5 of the Dungeon.
             The game lasted 00:01:26 (4328 turns).

qw the Shooter (Naga Hunter)                        Turns: 4328, Time: 00:01:27

Health: -4/64      AC:  3    Str: 13    XL:     7   Next: 84%
Magic:  22/22      EV: 10    Int: 10    God:
Gold:   149        SH:  0    Dex: 16    Spells: 6/6 levels left

rFire   + . .        Y - +0 shortbow
rCold   . . .        (shield currently unavailable)
rNeg    . . .        e - +0 leather armour {rF+}
rPois   +            (no helmet)
rElec   .            (no cloak)
rCorr   .            (no gloves)
SInv    +            (no barding)
Will    .....        h
                       - Hermit's Pendant {Faith Invo=14 Evo=0 MP+5}
Stlth   ++           (no ring)
HPRegen 0.30/turn    (no ring)
MPRegen 0.18/turn

%: faith
@: very slow
A: AC +2, large, see invisible, deformed body, poison resistance, slowness 2,
spit poison 1, naga tail 1
a: Spit Poison


You were on level 5 of the Dungeon.
You visited 1 branch of the dungeon, and saw 5 of its levels.

You collected 149 gold pieces.


Innate Abilities, Weirdness & Mutations

Your serpentine skin is tough. (AC +2)
You have supernaturally acute eyesight. (SInv)
Armour fits poorly on your strangely shaped body.
Your system is resistant to poisons. (rPois)
You cover ground very slowly.
You can spit poison.
You have a snake-like lower body.


   Skills:
 - Level 4.1 Fighting
 + Level 7.6 Ranged Weapons
 - Level 2.4 Dodging
 - Level 1.5 Stealth


You had 6 spell levels left.
You didn't know any spells.
Your spell library was empty.

Inventory:

Hand Weapons
 Y - a +0 shortbow (weapon)
Armour
 e - a +0 leather armour of fire resistance (worn)
Jewellery
 f - an amulet of reflection
 h - the Hermit's Pendant (around neck) {Faith Invo=14 Evo=0 MP+5}
   (You found it on level 4 of the Dungeon)

   [amulet of faith]

   Invo=14: It sets your Invocations skill to 14.
   Evo=0: It sets your Evocations skill to 0.
   It allows you to gain divine favour quickly.
   MP:        It affects your magic capacity (+5).
Scrolls
 j - a scroll of fear {unknown}
Potions
 a - a potion of might {unknown}
 b - a potion of haste
 c - a potion of heal wounds {unknown}
 d - a potion of resistance
 g - a potion of invisibility {unknown}
 i - a potion of curing {unknown}

Dungeon Overview and Level Annotations

Branches:
Dungeon (5/15)
 Temple: D:4-7

Altars:
Elyvilon
Ru
Wu Jian

Annotations:
D:3 3 runed translucent doors, qw's ghost, amateur GrHu
D:5 Edmund


Message History

You shoot an arrow. The arrow closely misses the phantom.
The phantom hits you.
The phantom blinks!
You blink.
You shoot an arrow. The arrow hits the phantom.
The phantom is moderately damaged.
The phantom hits you but does no damage.
4321 ||| INVOKING Spit Poison.
Aiming: Spit Poison (1% risk of failure)
Press: ? - help, Shift-Dir - straight line, f - centaur, p - phantom The splash of poison misses the centaur.
The centaur shoots an arrow.
The arrow hits you! The phantom hits you.
The centaur shoots an arrow.
The arrow barely misses you.
You shoot an arrow. The arrow closely misses the phantom.
The centaur shoots an arrow.
The arrow hits you! The phantom closely misses you.
You shoot an arrow. The arrow hits the phantom.
The phantom is heavily damaged.
The centaur shoots an arrow.
The arrow hits you! The phantom barely misses you.
The centaur shoots an arrow.
The arrow completely misses you.
You shoot an arrow. The arrow closely misses the phantom.
You have got your breath back.
The centaur shoots an arrow.
The arrow misses you. The phantom barely misses you.
4325 ||| INVOKING Spit Poison.
Aiming: Spit Poison (1% risk of failure)
Press: ? - help, Shift-Dir - straight line, f - centaur, p - phantom The splash of poison hits the centaur!
The centaur is poisoned.
The centaur is almost dead.
You kill the centaur!
The phantom hits you.
The phantom blinks!
You blink.
Enter note:
Enter note:
Enter note: You shoot an arrow.
The arrow closely misses the phantom.
The phantom hits you but does no damage.
You shoot an arrow. The arrow closely misses the phantom.
You have got your breath back.
The phantom hits you.
The phantom blinks!
You blink.
You shoot an arrow. The arrow hits the phantom.
The phantom is heavily damaged.
The phantom hits you.
You die...

#. #.# #......... #.
#.# #.######## #.# #.#
#.## #.# #.# #.%#
#.##########.# ##.#
#.....¤....¤.# #<# ####
#.......###..# #####.#
W.c# #)#####.# #..#
#.....# ##¤###.# #.#
#@.# #.##### #....c.#
#.###.W# #.#
######¤#####......# #.#
#....¤............###.#
######................#
#.#..##.....######
#...........#
###.......### ##.###(.#


You could see a phantom.

Vanquished Creatures
  Menkaure (D:5)
  2 ogres
  A centaur (D:5)
  2 scorpions
  A hound (D:2)
  2 orc priests (D:3)
  A jelly (D:4)
  7 adders
  An ufetubus (D:5)
  3 dart slugs
  13 orcs
  7 ball pythons
  6 endoplasms
  A giant cockroach (D:1)
  6 goblins
  5 hobgoblins
  6 quokkas
  10 bats
  8 frilled lizards
  5 kobolds
  5 rats
93 creatures vanquished.

Notes
Turn   | Place    | Note
-------+----------+-------------------------------------------
     0 | D:1      | qw the Naga Hunter began the quest for the Orb.
     0 | D:1      | Reached XP level 1. HP: 19/19 MP: 1/1
     0 | D:1      | 0 ||| qw: Version: 0.3-a-7-ge0c9b40
     0 | D:1      | 0 ||| qw: Game counter: 1094
     0 | D:1      | 0 ||| qw: Always use a shield: true
     0 | D:1      | 0 ||| qw: God list: Okawaru
     0 | D:1      | 0 ||| qw: Allow faded altars: false
     0 | D:1      | 0 ||| qw: Do Orc after D:15 true
     0 | D:1      | 0 ||| qw: Do second Lair branch before Depths: true
     0 | D:1      | 0 ||| qw: Lair rune preference: random
     0 | D:1      | 0 ||| qw: Plans: Normal
     0 | D:1      | 0 ||| PLANNING D:1-11
    31 | D:1      | 31 ||| INVOKING Spit Poison.
   103 | D:1      | 103 ||| INVOKING Spit Poison.
   159 | D:1      | 159 ||| INVOKING Spit Poison.
   196 | D:1      | 196 ||| INVOKING Spit Poison.
   212 | D:1      | 212 ||| INVOKING Spit Poison.
   266 | D:1      | 266 ||| INVOKING Spit Poison.
   267 | D:1      | 267 ||| INVOKING Spit Poison.
   268 | D:1      | Reached skill level 4 in Ranged Weapons
   268 | D:1      | Reached XP level 2. HP: 26/26 MP: 2/2
   282 | D:1      | 282 ||| INVOKING Spit Poison.
   287 | D:1      | 287 ||| INVOKING Spit Poison.
   306 | D:1      | 306 ||| INVOKING Spit Poison.
   540 | D:1      | 540 ||| INVOKING Spit Poison.
   545 | D:1      | 545 ||| INVOKING Spit Poison.
   600 | D:1      | 600 ||| INVOKING Spit Poison.
   634 | D:1      | 634 ||| INVOKING Spit Poison.
   651 | D:1      | Found a faded altar of an unknown god.
   652 | D:1      | 652 ||| INVOKING Spit Poison.
   685 | D:1      | 685 ||| INVOKING Spit Poison.
   687 | D:1      | Reached XP level 3. HP: 32/32 MP: 3/3
   734 | D:1      | 734 ||| INVOKING Spit Poison.
   739 | D:1      | 739 ||| INVOKING Spit Poison.
   743 | D:1      | 743 ||| INVOKING Spit Poison.
   749 | D:1      | 749 ||| INVOKING Spit Poison.
   808 | D:1      | 808 ||| INVOKING Spit Poison.
   916 | D:1      | 916 ||| UPGRADING to amulet of reflection.
   921 | D:1      | 921 ||| READING scroll labelled TAETZA LUPU.
   922 | D:1      | 922 ||| READING scroll labelled NETWUOL PURPHO.
   923 | D:1      | 923 ||| READING scroll labelled AGYR SOCYW.
   926 | D:1      | 926 ||| READING scroll labelled SITOC BILLECLI.
   927 | D:1      | 927 ||| DRINKING 2 sedimented red potions.
   928 | D:1      | 928 ||| DROPPING scroll of butterflies.
   983 | D:2      | 983 ||| INVOKING Spit Poison.
   999 | D:2      | 999 ||| INVOKING Spit Poison.
  1003 | D:2      | 1003 ||| INVOKING Spit Poison.
  1006 | D:2      | 1006 ||| INVOKING Spit Poison.
  1061 | D:2      | 1061 ||| INVOKING Spit Poison.
  1084 | D:2      | 1084 ||| INVOKING Spit Poison.
  1157 | D:2      | 1157 ||| INVOKING Spit Poison.
  1159 | D:2      | Reached skill level 5 in Ranged Weapons
  1159 | D:2      | Reached XP level 4. HP: 39/39 MP: 4/4
  1252 | D:2      | 1252 ||| INVOKING Spit Poison.
  1256 | D:2      | 1256 ||| INVOKING Spit Poison.
  1288 | D:2      | 1288 ||| INVOKING Spit Poison.
  1296 | D:2      | 1296 ||| INVOKING Spit Poison.
  1319 | D:2      | 1319 ||| INVOKING Spit Poison.
  1320 | D:2      | 1320 ||| INVOKING Spit Poison.
  1324 | D:2      | 1324 ||| INVOKING Spit Poison.
  1537 | D:2      | 1537 ||| INVOKING Spit Poison.
  1592 | D:2      | 1592 ||| INVOKING Spit Poison.
  1596 | D:2      | Reached skill level 3 in Fighting
  1612 | D:2      | 1612 ||| INVOKING Spit Poison.
  1641 | D:2      | 1641 ||| INVOKING Spit Poison.
  1732 | D:2      | 1732 ||| INVOKING Spit Poison.
  1736 | D:2      | Reached XP level 5. HP: 49/49 MP: 5/5
  1836 | D:2      | 1836 ||| UPGRADING to +0 leather armour of fire resistance.
  1846 | D:2      | 1846 ||| DROPPING +0 leather armour.
  1847 | D:2      | 1847 ||| DRINKING 2 red potions.
  1848 | D:2      | 1848 ||| DRINKING 2 bubbling brown potions.
  1849 | D:2      | 1849 ||| DROPPING potion of attraction.
  1925 | D:3      | Found a runed translucent gate.
  1925 | D:3      | Found a runed translucent gate.
  1927 | D:3      | Found a runed translucent gate.
  1963 | D:3      | 1963 ||| INVOKING Spit Poison.
  1967 | D:3      | 1967 ||| INVOKING Spit Poison.
  1975 | D:3      | 1975 ||| INVOKING Spit Poison.
  2036 | D:3      | Found a white marble altar of Elyvilon.
  2090 | D:3      | 2090 ||| INVOKING Spit Poison.
  2165 | D:3      | 2165 ||| INVOKING Spit Poison.
  2213 | D:3      | 2213 ||| INVOKING Spit Poison.
  2217 | D:3      | 2217 ||| INVOKING Spit Poison.
  2222 | D:3      | 2222 ||| INVOKING Spit Poison.
  2228 | D:3      | 2228 ||| INVOKING Spit Poison.
  2235 | D:3      | 2235 ||| INVOKING Spit Poison.
  2358 | D:3      | 2358 ||| INVOKING Spit Poison.
  2381 | D:3      | 2381 ||| INVOKING Spit Poison.
  2449 | D:3      | Noticed qw's ghost (amateur GrHu)
  2482 | D:3      | 2482 ||| INVOKING Spit Poison.
  2681 | D:3      | 2681 ||| READING scroll labelled ARIPNE KUAZIR.
  2682 | D:3      | 2682 ||| READING scroll labelled BUFYS NEAKOMYJYL.
  2683 | D:3      | 2683 ||| DRINKING 2 bubbling white potions.
  2684 | D:3      | 2684 ||| DRINKING 2 bubbling puce potions.
  2729 | D:3      | 2729 ||| DROPPING potion of degeneration.
  2730 | D:3      | 2730 ||| DROPPING potion of lignification.
  2745 | D:4      | Noticed an ogre
  2746 | D:4      | 2746 ||| INVOKING Spit Poison.
  2750 | D:4      | 2750 ||| INVOKING Spit Poison.
  2751 | D:4      | 2751 ||| STAIRDANCE
  2751 | D:4      | HP: 3/49 [ogre/+0 giant club (25)]
  2754 | D:3      | Killed an ogre
  2755 | D:3      | Reached skill level 6 in Ranged Weapons
  2755 | D:3      | Reached XP level 6. HP: 5/56 MP: 6/6
  2964 | D:4      | 2964 ||| INVOKING Spit Poison.
  2982 | D:4      | 2982 ||| INVOKING Spit Poison.
  2983 | D:4      | 2983 ||| INVOKING Spit Poison.
  3020 | D:4      | Found a faded altar of an unknown god.
  3020 | D:4      | Found the Hermit's Pendant {Faith Invo=14 Evo=0 MP+5}
  3024 | D:4      | 3024 ||| INVOKING Spit Poison.
  3029 | D:4      | 3029 ||| INVOKING Spit Poison.
  3153 | D:4      | 3153 ||| INVOKING Spit Poison.
  3179 | D:4      | 3179 ||| INVOKING Spit Poison.
  3184 | D:4      | 3184 ||| INVOKING Spit Poison.
  3188 | D:4      | 3188 ||| INVOKING Spit Poison.
  3192 | D:4      | 3192 ||| INVOKING Spit Poison.
  3258 | D:4      | 3258 ||| INVOKING Spit Poison.
  3269 | D:4      | 3269 ||| INVOKING Spit Poison.
  3371 | D:4      | Found an ornate altar of the Wu Jian Council.
  3389 | D:4      | 3389 ||| INVOKING Spit Poison.
  3392 | D:4      | 3392 ||| INVOKING Spit Poison.
  3547 | D:4      | 3547 ||| INVOKING Spit Poison.
  3608 | D:4      | 3608 ||| DROPPING amulet of guardian spirit.
  3609 | D:4      | 3609 ||| UPGRADING to Hermit's Pendant {Faith Invo=14 Evo=0
                  | MP+5}.
  3720 | D:5      | Entered Level 5 of the Dungeon
  3746 | D:5      | Noticed Edmund
  3747 | D:5      | 3747 ||| INVOKING Spit Poison.
  3752 | D:5      | 3752 ||| INVOKING Spit Poison.
  3757 | D:5      | 3757 ||| INVOKING Spit Poison.
  3760 | D:5      | HP: 6/57 [Edmund/+1 flail of protection (10)]
  3761 | D:5      | 3761 ||| READING scroll of teleportation.
  3761 | D:5      | HP: 1/57 [Edmund/+1 flail of protection (5)]
  3762 | D:5      | 3762 ||| INVOKING Spit Poison.
  3983 | D:5      | 3983 ||| INVOKING Spit Poison.
  3991 | D:5      | 3991 ||| INVOKING Spit Poison.
  3992 | D:5      | Reached XP level 7. HP: 61/64 MP: 17/17
  4002 | D:5      | Noticed Menkaure
  4008 | D:5      | Killed Menkaure
  4009 | D:5      | Reached skill level 7 in Ranged Weapons
  4009 | D:5      | 4009 ||| FLEEEEING.
  4012 | D:5      | 4012 ||| FLEEEEING.
  4013 | D:5      | 4013 ||| STAIRDANCE
  4105 | D:4      | 4105 ||| READING scroll labelled HAKHLA UBEOWACW.
  4108 | D:5      | 4108 ||| INVOKING Spit Poison.
  4111 | D:5      | 4111 ||| STAIRDANCE
  4113 | D:4      | 4113 ||| INVOKING Spit Poison.
  4258 | D:5      | 4258 ||| INVOKING Spit Poison.
  4262 | D:5      | 4262 ||| INVOKING Spit Poison.
  4306 | D:5      | Found a sacrificial altar of Ru.
  4313 | D:5      | 4313 ||| Stepping ~*~*~tactically~*~*~ (outnumbered).
  4321 | D:5      | 4321 ||| INVOKING Spit Poison.
  4323 | D:5      | HP: 11/64 [centaur/arrow (11)]
  4325 | D:5      | 4325 ||| INVOKING Spit Poison.
  4325 | D:5      | HP: 5/64 [phantom (6)]
  4327 | D:5      | HP: 2/64 [phantom (4)]
  4328 | D:5      | Slain by a phantom

Levels and vault maps discovered:
D:1:      mainiacjoe_arrival_reflecting_pool, layout_basic,
          chequers_ecumenical_altar_lobes
D:2:      layout_basic, kennysheep_generic_room_9
D:3:      layout_loops_ring, elyvilon_altar_3, gammafunk_ghost_icy
D:4:      layout_rooms, mainiacjoe_overflow_alcove_1,
          hellmonk_guarded_unrand_hermit
D:5:      layout_loops_ring, nicolae_overflow_crystal_walls,
          minmay_temple_entry_hall, uniq_sigmund, uniq_duvessa, uniq_menkaure,
          uniq_edmund

Skill      XL: |  1  2  3  4  5  6  7 |
---------------+----------------------+-----
Ranged Weapons | 4 5 6 7 |  7.6
Fighting       | 3 4 |  4.1
Dodging        | 2 |  2.4
Stealth        | |  1.5

Action                     |  1- 3 |  4- 6 |  7- 9 || total
---------------------------+-------+-------+-------++-------
   Fire: Shortbow          |    48 |   139 |    34 ||   221
Ability: Spit Poison       |    27 |    46 |     6 ||    79
    Use: Scroll            |     4 |     3 |     1 ||     8
         Potion            |     1 |     4 |       ||     5
 Armour: Leather armour    |    11 |    11 |     3 ||    25
  Dodge: Dodged            |    13 |    18 |    14 ||    45
  Block: Other             |     2 |    15 |       ||    17
         Reflection        |       |     1 |       ||     1

Table legend:
 A = Non-vault XP
 B = Vault XP
 C = Vault XP percentage of total XP
 D = Non-vault monster count
 E = Vault monster count
 F = Vault count percentage of total count
                 A         B        C        D         E       F
            +---------+---------+-------+---------+---------+-------
      Total |     928 |     178 |  16.1 |      89 |       4 |   4.3
            +---------+---------+-------+---------+---------+-------
        D:1 |      43 |       0 |   0.0 |      28 |       0 |   0.0
        D:2 |     119 |       3 |   2.5 |      17 |       2 |  10.5
        D:3 |     244 |       0 |   0.0 |      20 |       0 |   0.0
        D:4 |     319 |       3 |   0.9 |      20 |       1 |   4.8
        D:5 |     203 |     172 |  45.9 |       4 |       1 |  20.0
            +---------+---------+-------+---------+---------+-------
